 Dungeon Crawl Stone Soup version 0.17-a0-1446-gc28613e (webtiles) character file.

273 matakusis the Skirmisher (level 6, -4/48 HPs)
             Began as a Demonspawn Berserker on June 28, 2015.
             Was a Follower of Ashenzari.
             Slain by a polar bear (14 damage)
             ... created by the rage of Trog
             ... on level 4 of the Dungeon.
             The game lasted 00:32:56 (3830 turns).

matakusis the Skirmisher (Demonspawn Berserker)     Turns: 3830, Time: 00:32:57

Health: -4/48      AC: 19    Str: 20    XL:     6   Next: 2%
Magic:  6/6        EV:  6    Int:  8    God:    Ashenzari [*.....]
Gold:   121        SH:  0    Dex: 12    Spells: 0 memorised, 5 levels left

rFire  . . .     SeeInvis .     t - +4 flail (protect)
rCold  . . .     Clarity  .     u - +0 ring mail
rNeg   . . .     SustAt   .     (no shield)
rPois  .         Gourm    .     (helmet restricted)
rElec  .         Spirit   .     o - +0 cloak
rCorr  .         Warding  .     w - +2 pair of gloves
rMut   .         Stasis   .     n - +0 pair of boots
MR     .....                    (no amulet)
Stlth  +.........               (no ring)
                                (no ring)

@: exhausted, not resistant to hostile enchantments, very unstealthy
A: horns 1, icy blue scales 2
a: Renounce Religion


You were on level 4 of the Dungeon.
You worshipped Ashenzari.
Ashenzari was aware of your devotion.
You were not hungry.

You visited 1 branch of the dungeon, and saw 4 of its levels.

You collected 121 gold pieces.

Inventory:

Hand weapons
 a - a +0 hand axe
 t - a +4 flail of protection (weapon)
 C - a +1 rapier of draining
Armour
 b - a +0 animal skin
 d - a +0 ring mail
 n - a +0 pair of boots (worn)
 o - a +0 cloak (worn)
 q - a +1 leather armour
 u - a +0 ring mail (worn)
 w - a +2 pair of gloves (worn)
Magical staves
 r - an uncursed staff of conjuration
Magical devices
 p - a wand of hasting (6)
 x - a wand of disintegration (15)
 y - a wand of magic darts (17)
Scrolls
 f - a scroll of enchant armour
 g - 2 scrolls of fear {unknown}
 j - 2 scrolls of identify
Potions
 e - a potion of resistance
 h - 2 potions of heal wounds {unknown}
 i - a potion of mutation {unknown}
 l - 2 potions of curing {unknown}
 m - a potion of cancellation {unknown}
 s - a potion of poison {unknown}
 v - a potion of cure mutation {unknown}
 A - 2 potions of brilliance {unknown}
Comestibles
 c - a bread ration
 k - a fruit
 B - a beef jerky


   Skills:
 + Level 4.0 Fighting
 + Level 3.9(4.0) Axes
 * Level 1.2(2.8) Maces & Flails
 * Level 2.8 Armour
 + Level 3.3 Dodging


You had 5 spell levels left.
You didn't know any spells.

Dungeon Overview and Level Annotations

Branches:
Dungeon (4/15)
 Temple: D:4-7

Altars:
Ashenzari
Fedhas
Sif Muna
Vehumet


Innate Abilities, Weirdness & Mutations

You have a pair of small horns on your head.
You are mostly covered in icy blue scales (AC +3, EV -1).


Message History

The polar bear bites you! The polar bear completely misses you.
The polar bear barely misses you.
The black bear rages.
You hear an angry growl.
You hear an angry growl.
The polar bear bites you!
* * * LOW HITPOINT WARNING * * *
The polar bear barely misses you.
The polar bear claws you but does no damage.
The polar bear rages.
The polar bear barely misses you.
The polar bear claws you but does no damage. x2
You hear an angry growl.
The polar bear rages.
The polar bear bites you but does no damage.
The polar bear claws you but does no damage.
The polar bear misses you.
There is a stone staircase leading down here.
The polar bear bites you!
You die...

##.## ##.# #.# ##.######..###.#
##.##.....##..#
##.........##..# ##
#...#......##..# #..
####..###....÷#...#
##..#####....#####..÷.....# #
.....................##...# ##
.........####.@......###..####.
........## ##hh....## ##..##..
...#.....# #..##..# ##.....
##..#....## ##h###..# ##...#
##..#.$..###hh# #..# ##....
#..........h## #..# #.....
##..........# #..# #......
#...........# .... #.......
#...........# ......#..


You could see 4 polar bears and 2 black bears.

Vanquished Creatures
  A giant frog (D:4)
  The ghost of Oddysee the Cudgeler, a weakling GrFi (D:3)
  An iguana (D:4)
  Terence (D:3)
  3 adders (D:2)
  An ooze (D:3)
  A worm (D:2)
  2 giant geckos
  2 orcs
  7 bats
  3 giant cockroaches
  7 hobgoblins
  10 jackals (D:2)
  4 quokkas
  A ball python (D:2)
  3 giant newts
  12 goblins
  2 kobolds (D:3)
  9 rats
71 creatures vanquished.

Notes
Turn   | Place    | Note
--------------------------------------------------------------
     0 | D:1      | matakusis the Demonspawn Berserker began the quest for the Orb.
     0 | D:1      | Reached XP level 1. HP: 18/18 MP: 1/1
  1194 | D:1      | Gained mutation: You have a pair of small horns on your head. [demonic ancestry]
  1194 | D:1      | Reached XP level 2. HP: 24/24 MP: 2/2
  1966 | D:2      | Reached XP level 3. HP: 26/29 MP: 3/3
  2320 | D:2      | Acquired Trog's second power
  2424 | D:2      | Gained mutation: You are partially covered in icy blue scales (AC +1). [demonic ancestry]
  2424 | D:2      | Reached XP level 4. HP: 26/35 MP: 4/4
  2572 | D:2      | Found a faded altar to an unknown god.
  2580 | D:2      | Fell from the grace of Trog
  2580 | D:2      | Became a worshipper of Ashenzari the Shackled
  2659 | D:3      | Noticed Terence
  2681 | D:3      | Killed Terence
  2947 | D:3      | Noticed Oddysee's ghost (weakling GrFi)
  2958 | D:3      | Killed Oddysee's ghost
  2958 | D:3      | Reached XP level 5. HP: 40/42 MP: 5/5
  3255 | D:4      | Found a radiant altar of Vehumet.
  3287 | D:4      | Found a deep blue altar of Sif Muna.
  3335 | D:4      | Reached skill level 4 in Fighting
  3335 | D:4      | Reached skill level 1 in Maces & Flails
  3370 | D:4      | Found a blossoming altar of Fedhas.
  3370 | D:4      | Found a shattered altar of Ashenzari.
  3453 | D:4      | Gained mutation: You are mostly covered in icy blue scales (AC +3, EV -1). [demonic ancestry]
  3453 | D:4      | Reached XP level 6. HP: 6/48 MP: 6/6
  3816 | D:4      | Noticed a polar bear
  3816 | D:4      | Noticed a polar bear
  3816 | D:4      | Noticed a polar bear
  3816 | D:4      | Noticed a polar bear
  3830 | D:4      | Slain by a polar bear

Vault maps used:
D:1:      dpeg_arrival_castle
D:2:      ecumenical_altar_1, first_bread, hangedman_decor_riveting,
          roderic_lattice_a
D:3:      st_stairs_9, uniq_terence
D:4:      nicolae_overflow_hidden_temple, led_sif_book, kennysheep_mini,
          st_stairs_14, vehumet_altar_wand_db

Action                   |  1- 3 |  4- 6 || total
-------------------------+-------+-------++-------
Melee: Hand axe          |   140 |    29 ||   169
       Flail             |       |    49 ||    49
  Use: Scroll            |     4 |       ||     4
  Eat: Chunk             |     5 |     3 ||     8
       Bread ration      |       |     1 ||     1
